 Dungeon Crawl Stone Soup version 0.21.1-1-g345015fe64 (webtiles) character file.

139 Jens78 the Insei (level 5, 0/33 HPs)
             Began as an Octopode Transmuter on June 9, 2018.
             Slain by a gnoll
             ... wielding a +0 spear
              (6 damage)
             ... on level 3 of the Dungeon.
             The game lasted 00:24:38 (3338 turns).

Jens78 the Insei (Octopode Transmuter)              Turns: 3338, Time: 00:24:39

Health: 0/33       AC:  1    Str:  9    XL:     5   Next: 22%
Magic:  4/8        EV: 13    Int: 16    God:
Gold:   274        SH:  0    Dex: 13    Spells: 2/9 levels left

rFire    . . .     SeeInvis .   q - +2 mace (protect)
rCold    . . .     Gourm    .   (no shield)
rNeg     + . .     Faith    .   (helmet restricted)
rPois    .         Spirit   .   (no amulet)
rElec    .         Reflect  .   (no ring)
rCorr    .         Harm     .   x - ring of positive energy
MR       .....                  (no ring)
Stlth    +++.......             (no ring)
HPRegen  0.11/turn              (no ring)
MPRegen  0.11/turn              (no ring)
                                (no ring)
                                (no ring)

@: appendage, very slightly contaminated
A: almost no armour, stealthy swim, amphibious, 8 rings, constrict 8, tentacle
spike 3, camouflage 1, gelatinous body 1
a: End Transformation


You were on level 3 of the Dungeon.
You were very hungry.
One of your tentacles had a temporary spike.
You visited 1 branch of the dungeon, and saw 5 of its levels.

You collected 274 gold pieces.

Inventory:

Hand Weapons
 q - a +2 mace of protection (weapon)
 y - a +2 morningstar of holy wrath
Missiles
 a - 21 arrows
 d - 56 bolts
 i - 118 stones
 k - 3 large rocks
 o - 8 tomahawks (quivered)
Jewellery
 x - a ring of positive energy (right tentacle)
Scrolls
 e - 4 scrolls of teleportation
 h - a scroll of enchant weapon
 n - 2 scrolls of fog {unknown}
 r - a scroll of remove curse
 s - a scroll of fear {unknown}
 v - a scroll of amnesia {unknown}
 w - a scroll of noise {unknown}
Potions
 g - a potion of lignification {unknown}
 j - a potion of brilliance {unknown}
 m - 2 potions of curing
 p - a potion of might {unknown}
 t - 2 potions of agility {unknown}
 u - a potion of ambrosia {unknown}
Books
 b - a book of Changes

   Spells                             Type                      Level
   a - Beastly Appendage              Transmutation                1
   b - Sticks to Snakes               Transmutation                2
   c - Spider Form                    Transmutation/Poison         3
   d - Ice Form                       Ice/Transmutation            4
   e - Blade Hands                    Transmutation                5
 f - a book of Cantrips

   Spells                             Type                      Level
   a - Confusing Touch                Hexes                        1
   b - Animate Skeleton               Necromancy                   1
   c - Summon Small Mammal            Summoning                    1
   d - Apportation                    Translocation                1
Comestibles
 c - 8 rations


   Skills:
 + Level 1.1 Fighting
 - Level 0.6 Maces & Flails
 + Level 2.2 Dodging
 + Level 1.8 Stealth
 + Level 4.0 Unarmed Combat
 + Level 2.6 Spellcasting
 - Level 1.0 Necromancy
 - Level 2.9 Transmutations
 * Level 0.1 Poison Magic


You had 2 spell levels left.
You knew the following spells:

 Your Spells              Type           Power        Failure   Level  Hunger
a - Beastly Appendage     Tmut           ##....       6%          1    #......
b - Animate Skeleton      Necr           N/A          13%         1    #......
c - Sticks to Snakes      Tmut           ##......     9%          2    ##.....
d - Spider Form           Tmut/Pois      #.........   30%         3    ###....


Dungeon Overview and Level Annotations

Branches:
Dungeon (5/15)
 Temple: D:4-7

Altars:
Ashenzari
Cheibriados
Dithmenos
Gozag
Makhleb
Uskayaw
Vehumet
Zin

Annotations:
D:2 Sigmund


Innate Abilities, Weirdness & Mutations

You cannot wear most types of armour.
You are very stealthy in the water. (Stealth+)
You are amphibious.
You can wear up to eight rings at the same time.
You can use your tentacles to constrict eight enemies at once.
Your skin changes colour to match your surroundings (Stealth+).
Your rubbery body absorbs attacks. (AC +1, EV +1)
One of your tentacles bears a large vicious spike.


Message History

You climb downwards.
The gnoll barely misses you. The gnoll hits you with a spear.
There is a stone staircase leading up, spattered with blood here.
The gnoll closely misses you. The gnoll misses you.
You climb upwards.
There is a stone staircase leading down here.
Casting: Beastly Appendage
Confirm with . or Enter, or press ? or * to list all spells.
You create a snake!
You now have 21 arrows.
The gnoll hits you with a flail! The gnoll hits you with a spear!
Casting: Sticks to Snakes
Confirm with . or Enter, or press ? or * to list all spells.
You miscast Sticks to Snakes.
You are very lightly contaminated with residual magic.
Multicoloured lights dance before your eyes!
You are feeling very hungry.
The gnoll hits you with a flail!
* * * LOW HITPOINT WARNING * * *
The gnoll hits you with a spear.
You die...

##.#.#.#<#.##.#...######
#.#
#...........#.#...'....#
#.#
##.#.#.#.#.##.....####.#
#.#
..................####.#
#.#
.#.#.#.#.#.#...........#
#.#
...............#########
#.# .#.#.#.#.#.#...#####
#.# ...................#
#.. .#.#.#.#.#.#.#.)@..#
### .#####.#.....#.gg..#
# .......#.....#..S..# #
.#######.....####### ###
#### .# #######
##.#####_#. .#
#..#.#.#.#. .#
#.......... .#
##........Z .#
#..#.#.#.#.


You could see 2 gnolls and a friendly ball python.

Vanquished Creatures
  Terence (D:2)
  2 adders (D:3)
  5 dart slugs
  4 leopard geckos
  4 orcs (D:3)
  4 giant cockroaches
  6 goblins
  8 hobgoblins
  8 jackals
  6 kobolds
  3 ball pythons
  5 bats
  3 frilled lizards
  4 rats
63 creatures vanquished.

Vanquished Creatures (collateral kills)
  2 gnolls (D:3)
  A worm (D:3)
  A rat (D:2)
4 creatures vanquished.

Grand Total: 67 creatures vanquished

Notes
Turn   | Place    | Note
-------+----------+-------------------------------------------
     0 | D:1      | Jens78 the Octopode Transmuter began the quest for the Orb.
     0 | D:1      | Reached XP level 1. HP: 13/13 MP: 3/3
   132 | D:1      | Reached XP level 2. HP: 15/18 MP: 3/5
   424 | D:1      | Reached XP level 3. HP: 19/23 MP: 4/6
   455 | D:2      | Reached skill level 1 in Stealth
  1003 | D:3      | Reached skill level 4 in Unarmed Combat
  1313 | D:3      | Learned a level 1 spell: Animate Skeleton
  1322 | D:3      | Found a shadowy altar of Dithmenos.
  1400 | D:3      | Reached XP level 4. HP: 20/28 MP: 5/7
  1512 | D:5      | Entered Level 5 of the Dungeon
  1541 | D:3      | Found a radiant altar of Vehumet.
  1548 | D:3      | Found a shattered altar of Ashenzari.
  1647 | D:3      | Found a snail-covered altar of Cheibriados.
  1648 | D:3      | Found a glowing silver altar of Zin.
  1720 | D:3      | Found an opulent altar of Gozag.
  1930 | D:2      | Noticed Sigmund
  2217 | D:2      | Found a hide-covered altar of Uskayaw.
  2423 | D:2      | Learned a level 2 spell: Sticks to Snakes
  2496 | D:2      | Noticed Terence
  2513 | D:2      | Killed Terence
  2575 | D:2      | Reached XP level 5. HP: 32/33 MP: 6/8
  2623 | D:2      | Found a burning altar of Makhleb.
  3000 | D:3      | Learned a level 3 spell: Spider Form
  3152 | D:3      | Reached skill level 1 in Necromancy
  3338 | D:3      | Slain by a gnoll

Skill      XL: |  1  2  3  4  5 |
---------------+----------------+-----
Stealth        | 1 |  1.8
Unarmed Combat | 4 |  4.0
Necromancy     | 1 |  1.0
Fighting       | |  1.1
Maces & Flails | |  0.6
Dodging        | |  2.2
Spellcasting   | |  2.6
Transmutations | |  2.9
Poison Magic   | |  0.1

Action                   |  1- 3 |  4- 6 || total
-------------------------+-------+-------++-------
Melee: Unarmed           |    70 |       ||    70
       Constrict         |    20 |    17 ||    37
       Tentacles         |    11 |    11 ||    22
       Kick              |    13 |    12 ||    25
       Mace              |     3 |    65 ||    68
       Punch             |     2 |     1 ||     3
 Cast: Beastly Appendage |    19 |    22 ||    41
       Animate Skeleton  |       |     6 ||     6
       Sticks to Snakes  |       |     8 ||     8
  Use: Scroll            |       |     4 ||     4
 Stab: Sleeping          |     7 |     4 ||    11
  Eat: Chunk             |     1 |     7 ||     8
Armor: Skin              |     6 |    15 ||    21
Dodge: Dodged            |    28 |    62 ||    90
